Workbook
Name page\x2dtotal: #REF!
Name page\x2dtotal\x2dmaster0: #REF!

Sheet Instructions
B2: Instructions for SL 2026-41 Section 42.10 Compliance Template
B4: Identification of capital project accounts established on or before June 30, 2021, that have an unencumbered, unobligated cash balance as of July 1, 2026
B6: Topic/Tab | C6: Step | D6: Instructions
B7: Introduction to this Template | C7: n/a | D7: Background SL 2026-41 Section 42.10 requires unobligated cash balances in Budget Funds established on or before June 20, 2021 to be transferred to the SCIF unless the Budget Fund qualifies for an exemption. Returned funds will be reallocated for repair and renovation projects in FY 2027. There are two conditions in which a Budget Fund is exempted: Exemption 1: SL 2026-41 42.10(a)(1) provides an exemption if the Budget Fund was not entirely funded by the General Fund (GF) or the SCIF. These non-GF/SCIF fund sources include, but are not limited to, trust funds, agency receipts, federal funds, and private grants. Exemption 2: SL 2026-41 42.10(a)(2) provides an exemption if the Budget Fund carries an encumbrance as defined in G.S. 143C-1-1(d)(12): Encumbrance: a financial obligation created by a purchase order, contract, unearned or prepaid collections for services provided by the State, or other legally binding agreement. SL 2026-41 Section 42.10(b) states that if Budget Funds contain unspent Access NC funds, OSBM may reallocate these unspent funds to the Department of Natural and Cultural Resources for eligible accessibility projects at State Parks and Historic Sites. Funds returned to the SCIF will be reallocated as Repair and Renovation projects later in FY 2027. If any unspent Access NC funds are present in these accounts, OSBM may reallocate these to the Department of Natural and Cultural Resources for eligible accessibility projects at State Parks and Historic Sites.
D8: Job Aid: For detailed step by step instructions, see the Section 42.10 Compliance Job Aid (linked).
D9: How This Template Works Here is an overview of the Steps for which detailed instructions are given further below and in the associated Job Aid. Step 1: Download the NCFS 725 CSV Raw Data file. Step 2: Paste the data from the NCFS 725 CSV Raw Data tab. Result of Step 2: immediately upon the data being pasted, the 'Capital Projects Account' tab populates itself with the Account Identification and Account Funds data for Budget Funds established on or before June 30, 2021. Step 3: Address whether the Budget Fund is eligible for one of the two Exceptions Step 4: Address whether the Budget Fund contains unspent Access NC funds Step 5: Return completed template to OSBM
B10: NCFS 725 CSV Raw Data Tab | C10: 1 | D10: Download from NCFS the "NC Capital Improvements (725) Report (RPTRTR137)" using the following options: Mode: Budget Fund Detail Agency: (select your BRU) Period: Current Period Budget Code: All Budget Fund: All Once those options have been selected, use your mouse to do the following: A. Click the gear icon towards the right of the window B. Hover your mouse over "Export" C. Click "CSV" The 725 csv raw data file will begin to download. When you open the downloaded file, click "Don't Convert" the CSV data.
C11: 2 | D11: After the file is opened and "Don't Convert" is selected, copy and paste all of its data into columns A through AJ of the 'NCFS 725 CSV Raw Data' tab beginning at cell A1
B12: Capital Project Accounts Tab | C12: Notes | D12: Once the previous step (Step 2) is completed, Columns A through L from Row 10 downwards of the tab 'Capital Project Accounts' will auto-populate with details of Budget Funds established on or before June 30, 2021. Input into yellow cells only; they will turn white once populated
D13: Enter Agency/University Contact Person's information in Cells B4:B6
B14: Capital Project Accounts Tab: Exemptions | C14: 3 | D14: Column M: Select Yes if the Budget Fund includes funds from sources other than the General Fund (GF) or SCIF, such as federal funds, private grants, etc.
D15: Column N: If "Yes" for Column M, enter any relevant details here (e.g. $40,000 trusts, $25,000 grants) Documentation of funds being non-GF or non-SCIF must accompany this returned template when sending to OSBM. Can send via email.
D16: Column O: Select Yes if the Budget Fund carries any Encumbrances
D17: Column P: If "Yes" for Column O, enter any relevant details here (e.g. $40,000 invoice, $25,000 grant payments remaining) Documentation for encumbrances must accompany this returned template when sending to OSBM (e.g. MOUs, Contracts, Grants, etc.). Can send via email.
B18: Capital Project Accounts Tab: Access NC | C18: 4 | D18: Column R: Select Yes if the Budget Fund contains any unspent Access NC funds
D19: Column S: Enter the amount of unspent Access NC funds
D20: Column T: Select Yes if the unspent Access NC funds carry an encumbrance
D21: Column U: if "Yes" for Columns R or T, enter any relevant details Documentation for Access NC funds must accompany this returned template when sending to OSBM. Can send via email.
B22: Submit Template to OSBM | C22: 5 | D22: Please save this workbook in your files
D23: Send a copy of this workbook to your OSBM Capital Budget Execution Analyst via email.
D24: Attach supporting documentation to your submission to OSBM via email Please avoid using shared links and attach zip folders if submitting large sets of documentation.

Sheet Capital Project Accounts
A1: Summary of Capital Project Accounts subject to SL 2026-41 Section 42.10
A3: Agency or University Contact | F3: TOTALS SUMMARY (ALL BUDGET FUNDS)
A4: Name: | F4: TOTAL BUDGET | G4: =SUM(E10:E1048576) -> 0 | H4: TOTAL CURRENT PERIOD ACTUALS | I4: =SUM(H10:H1048576) -> 0 | J4: TOTAL ALLOTMENT BALANCE | K4: =SUM(K10:K1048576) -> 0
A5: Email: | F5: TOTAL UNALLOTTED | G5: =SUM(F10:F1048576) -> 0 | H5: TOTAL YTD ACTUALS | I5: =SUM(I10:I1048576) -> 0 | J5: TOTAL UNOBLIGATED CASH BALANCE | K5: =SUM(L10:L1048576) -> 0 | L5: TOTAL ACCESS NC | M5: =SUM(S10:S1048576) -> 0
A6: Telephone: | F6: TOTAL ALLOTMENTS | G6: =SUM(G10:G1048576) -> 0 | H6: TOTAL LTD ACTUALS | I6: =SUM(J10:J1048576) -> 0 | J6: Unobligated Cash Balance - Exemptions Requested | K6: =(SUM(L10:L1048576))-(SUM(Q10:Q1048576)) -> 0 | L6: Possible Transfer to SCIF | M6: =K6-M5 -> 0
A7: Account Identification | E7: Account Funds | M7: Exemptions | R7: Access NC
M8: SL 2026-41 42.10(a)(1) Non-General Fund/Non-SCIF | O8: SL 2026-41 42.10(a)(2) Encumbrance | R8: SL 2026-41 42.10(b) Access NC
A9: Budget Reporting Unit (BRU) | B9: Budget Code | C9: Budget Fund | D9: Budget Fund Title | E9: Total Budget | F9: Unallotted | G9: Total Allotments | H9: Current Period Actuals | I9: Year to Date Actuals | J9: Life to Date Actuals | K9: Allotment Balance | L9: Unobligated Cash Balance | M9: Budget Fund Contains Funds from Non-GF/SCIF Sources (private grants, federal funds, etc)? | N9: Comments/Details | O9: Budget Fund carries Encumbrance(s)? | P9: Comments/Details | Q9: Exemption Amount to be Reviewed by OSBM | R9: Budget Fund Contains Unspent Access NC Funds? | S9: Amount of Unspent Access NC Funds | T9: Unspent Access NC Funds carry Encumbrance(s)? | U9: Comments/Details
A10: =IFERROR(INDEX('NCFS 725 CSV Raw Data'!$G:$G, MATCH(C10, 'NCFS 725 CSV Raw Data'!$J:$J, 0)), "") | B10: {=_xlfn.LET(_xlpm.codes,'NCFS 725 CSV Raw Data'!H:H,_xlpm.funds,'NCFS 725 CSV Raw Data'!J:J,_xlpm.descs,'NCFS 725 CSV Raw Data'!K:K,_xlpm.acct,'NCFS 725 CSV Raw Data'!W:W,_xlpm.mask,(_xlpm.codes <=42099)*(_xlpm.acct="E"),_xlpm.uRows,_xlfn.UNIQUE(_xlfn.HSTACK(_xlfn._xlws.FILTER(_xlpm.codes,_xlpm.mask),_xlfn._xlws.FILTER(_xlpm.funds,_xlpm.mask),_xlfn._xlws.FILTER(_xlpm.descs,_xlpm.mask))),_xlpm.uRows)} -> #VALUE! | E10: =SUMIFS('NCFS 725 CSV Raw Data'!$P:$P, 'NCFS 725 CSV Raw Data'!$W:$W,"E", 'NCFS 725 CSV Raw Data'!$J:$J,$C10) -> 0 | F10: =SUMIFS('NCFS 725 CSV Raw Data'!$Q:$Q, 'NCFS 725 CSV Raw Data'!$W:$W,"E", 'NCFS 725 CSV Raw Data'!$J:$J,$C10) -> 0 | G10: =SUMIFS('NCFS 725 CSV Raw Data'!$R:$R, 'NCFS 725 CSV Raw Data'!$W:$W,"E", 'NCFS 725 CSV Raw Data'!$J:$J,$C10) -> 0 | H10: =SUMIFS('NCFS 725 CSV Raw Data'!$S:$S, 'NCFS 725 CSV Raw Data'!$W:$W,"E", 'NCFS 725 CSV Raw Data'!$J:$J,$C10) -> 0 | I10: =SUMIFS('NCFS 725 CSV Raw Data'!$T:$T, 'NCFS 725 CSV Raw Data'!$W:$W,"E", 'NCFS 725 CSV Raw Data'!$J:$J,$C10) -> 0 | J10: =SUMIFS('NCFS 725 CSV Raw Data'!$U:$U, 'NCFS 725 CSV Raw Data'!$W:$W,"E", 'NCFS 725 CSV Raw Data'!$J:$J,$C10) -> 0 | K10: =SUMIFS('NCFS 725 CSV Raw Data'!$V:$V, 'NCFS 725 CSV Raw Data'!$W:$W,"E", 'NCFS 725 CSV Raw Data'!$J:$J,$C10) -> 0 | L10: =E10-J10 -> 0 | Q10: =IF(OR(M10="Yes",O10="Yes"),L10,0) -> 0
A11: =IFERROR(INDEX('NCFS 725 CSV Raw Data'!$G:$G, MATCH(C11, 'NCFS 725 CSV Raw Data'!$J:$J, 0)), "") | E11: =SUMIFS('NCFS 725 CSV Raw Data'!$P:$P, 'NCFS 725 CSV Raw Data'!$W:$W,"E", 'NCFS 725 CSV Raw Data'!$J:$J,$C11) -> 0 | F11: =SUMIFS('NCFS 725 CSV Raw Data'!$Q:$Q, 'NCFS 725 CSV Raw Data'!$W:$W,"E", 'NCFS 725 CSV Raw Data'!$J:$J,$C11) -> 0 | G11: =SUMIFS('NCFS 725 CSV Raw Data'!$R:$R, 'NCFS 725 CSV Raw Data'!$W:$W,"E", 'NCFS 725 CSV Raw Data'!$J:$J,$C11) -> 0 | H11: =SUMIFS('NCFS 725 CSV Raw Data'!$S:$S, 'NCFS 725 CSV Raw Data'!$W:$W,"E", 'NCFS 725 CSV Raw Data'!$J:$J,$C11) -> 0 | I11: =SUMIFS('NCFS 725 CSV Raw Data'!$T:$T, 'NCFS 725 CSV Raw Data'!$W:$W,"E", 'NCFS 725 CSV Raw Data'!$J:$J,$C11) -> 0 | J11: =SUMIFS('NCFS 725 CSV Raw Data'!$U:$U, 'NCFS 725 CSV Raw Data'!$W:$W,"E", 'NCFS 725 CSV Raw Data'!$J:$J,$C11) -> 0 | K11: =SUMIFS('NCFS 725 CSV Raw Data'!$V:$V, 'NCFS 725 CSV Raw Data'!$W:$W,"E", 'NCFS 725 CSV Raw Data'!$J:$J,$C11) -> 0 | L11: =E11-J11 -> 0 | Q11: =IF(OR(M11="Yes",O11="Yes"),L11,0) -> 0
A12: =IFERROR(INDEX('NCFS 725 CSV Raw Data'!$G:$G, MATCH(C12, 'NCFS 725 CSV Raw Data'!$J:$J, 0)), "") | E12: =SUMIFS('NCFS 725 CSV Raw Data'!$P:$P, 'NCFS 725 CSV Raw Data'!$W:$W,"E", 'NCFS 725 CSV Raw Data'!$J:$J,$C12) -> 0 | F12: =SUMIFS('NCFS 725 CSV Raw Data'!$Q:$Q, 'NCFS 725 CSV Raw Data'!$W:$W,"E", 'NCFS 725 CSV Raw Data'!$J:$J,$C12) -> 0 | G12: =SUMIFS('NCFS 725 CSV Raw Data'!$R:$R, 'NCFS 725 CSV Raw Data'!$W:$W,"E", 'NCFS 725 CSV Raw Data'!$J:$J,$C12) -> 0 | H12: =SUMIFS('NCFS 725 CSV Raw Data'!$S:$S, 'NCFS 725 CSV Raw Data'!$W:$W,"E", 'NCFS 725 CSV Raw Data'!$J:$J,$C12) -> 0 | I12: =SUMIFS('NCFS 725 CSV Raw Data'!$T:$T, 'NCFS 725 CSV Raw Data'!$W:$W,"E", 'NCFS 725 CSV Raw Data'!$J:$J,$C12) -> 0 | J12: =SUMIFS('NCFS 725 CSV Raw Data'!$U:$U, 'NCFS 725 CSV Raw Data'!$W:$W,"E", 'NCFS 725 CSV Raw Data'!$J:$J,$C12) -> 0 | K12: =SUMIFS('NCFS 725 CSV Raw Data'!$V:$V, 'NCFS 725 CSV Raw Data'!$W:$W,"E", 'NCFS 725 CSV Raw Data'!$J:$J,$C12) -> 0 | L12: =E12-J12 -> 0 | Q12: =IF(OR(M12="Yes",O12="Yes"),L12,0) -> 0
A13: =IFERROR(INDEX('NCFS 725 CSV Raw Data'!$G:$G, MATCH(C13, 'NCFS 725 CSV Raw Data'!$J:$J, 0)), "") | E13: =SUMIFS('NCFS 725 CSV Raw Data'!$P:$P, 'NCFS 725 CSV Raw Data'!$W:$W,"E", 'NCFS 725 CSV Raw Data'!$J:$J,$C13) -> 0 | F13: =SUMIFS('NCFS 725 CSV Raw Data'!$Q:$Q, 'NCFS 725 CSV Raw Data'!$W:$W,"E", 'NCFS 725 CSV Raw Data'!$J:$J,$C13) -> 0 | G13: =SUMIFS('NCFS 725 CSV Raw Data'!$R:$R, 'NCFS 725 CSV Raw Data'!$W:$W,"E", 'NCFS 725 CSV Raw Data'!$J:$J,$C13) -> 0 | H13: =SUMIFS('NCFS 725 CSV Raw Data'!$S:$S, 'NCFS 725 CSV Raw Data'!$W:$W,"E", 'NCFS 725 CSV Raw Data'!$J:$J,$C13) -> 0 | I13: =SUMIFS('NCFS 725 CSV Raw Data'!$T:$T, 'NCFS 725 CSV Raw Data'!$W:$W,"E", 'NCFS 725 CSV Raw Data'!$J:$J,$C13) -> 0 | J13: =SUMIFS('NCFS 725 CSV Raw Data'!$U:$U, 'NCFS 725 CSV Raw Data'!$W:$W,"E", 'NCFS 725 CSV Raw Data'!$J:$J,$C13) -> 0 | K13: =SUMIFS('NCFS 725 CSV Raw Data'!$V:$V, 'NCFS 725 CSV Raw Data'!$W:$W,"E", 'NCFS 725 CSV Raw Data'!$J:$J,$C13) -> 0 | L13: =E13-J13 -> 0 | Q13: =IF(OR(M13="Yes",O13="Yes"),L13,0) -> 0
A14: =IFERROR(INDEX('NCFS 725 CSV Raw Data'!$G:$G, MATCH(C14, 'NCFS 725 CSV Raw Data'!$J:$J, 0)), "") | E14: =SUMIFS('NCFS 725 CSV Raw Data'!$P:$P, 'NCFS 725 CSV Raw Data'!$W:$W,"E", 'NCFS 725 CSV Raw Data'!$J:$J,$C14) -> 0 | F14: =SUMIFS('NCFS 725 CSV Raw Data'!$Q:$Q, 'NCFS 725 CSV Raw Data'!$W:$W,"E", 'NCFS 725 CSV Raw Data'!$J:$J,$C14) -> 0 | G14: =SUMIFS('NCFS 725 CSV Raw Data'!$R:$R, 'NCFS 725 CSV Raw Data'!$W:$W,"E", 'NCFS 725 CSV Raw Data'!$J:$J,$C14) -> 0 | H14: =SUMIFS('NCFS 725 CSV Raw Data'!$S:$S, 'NCFS 725 CSV Raw Data'!$W:$W,"E", 'NCFS 725 CSV Raw Data'!$J:$J,$C14) -> 0 | I14: =SUMIFS('NCFS 725 CSV Raw Data'!$T:$T, 'NCFS 725 CSV Raw Data'!$W:$W,"E", 'NCFS 725 CSV Raw Data'!$J:$J,$C14) -> 0 | J14: =SUMIFS('NCFS 725 CSV Raw Data'!$U:$U, 'NCFS 725 CSV Raw Data'!$W:$W,"E", 'NCFS 725 CSV Raw Data'!$J:$J,$C14) -> 0 | K14: =SUMIFS('NCFS 725 CSV Raw Data'!$V:$V, 'NCFS 725 CSV Raw Data'!$W:$W,"E", 'NCFS 725 CSV Raw Data'!$J:$J,$C14) -> 0 | L14: =E14-J14 -> 0 | Q14: =IF(OR(M14="Yes",O14="Yes"),L14,0) -> 0
A15: =IFERROR(INDEX('NCFS 725 CSV Raw Data'!$G:$G, MATCH(C15, 'NCFS 725 CSV Raw Data'!$J:$J, 0)), "") | E15: =SUMIFS('NCFS 725 CSV Raw Data'!$P:$P, 'NCFS 725 CSV Raw Data'!$W:$W,"E", 'NCFS 725 CSV Raw Data'!$J:$J,$C15) -> 0 | F15: =SUMIFS('NCFS 725 CSV Raw Data'!$Q:$Q, 'NCFS 725 CSV Raw Data'!$W:$W,"E", 'NCFS 725 CSV Raw Data'!$J:$J,$C15) -> 0 | G15: =SUMIFS('NCFS 725 CSV Raw Data'!$R:$R, 'NCFS 725 CSV Raw Data'!$W:$W,"E", 'NCFS 725 CSV Raw Data'!$J:$J,$C15) -> 0 | H15: =SUMIFS('NCFS 725 CSV Raw Data'!$S:$S, 'NCFS 725 CSV Raw Data'!$W:$W,"E", 'NCFS 725 CSV Raw Data'!$J:$J,$C15) -> 0 | I15: =SUMIFS('NCFS 725 CSV Raw Data'!$T:$T, 'NCFS 725 CSV Raw Data'!$W:$W,"E", 'NCFS 725 CSV Raw Data'!$J:$J,$C15) -> 0 | J15: =SUMIFS('NCFS 725 CSV Raw Data'!$U:$U, 'NCFS 725 CSV Raw Data'!$W:$W,"E", 'NCFS 725 CSV Raw Data'!$J:$J,$C15) -> 0 | K15: =SUMIFS('NCFS 725 CSV Raw Data'!$V:$V, 'NCFS 725 CSV Raw Data'!$W:$W,"E", 'NCFS 725 CSV Raw Data'!$J:$J,$C15) -> 0 | L15: =E15-J15 -> 0 | Q15: =IF(OR(M15="Yes",O15="Yes"),L15,0) -> 0
A16: =IFERROR(INDEX('NCFS 725 CSV Raw Data'!$G:$G, MATCH(C16, 'NCFS 725 CSV Raw Data'!$J:$J, 0)), "") | E16: =SUMIFS('NCFS 725 CSV Raw Data'!$P:$P, 'NCFS 725 CSV Raw Data'!$W:$W,"E", 'NCFS 725 CSV Raw Data'!$J:$J,$C16) -> 0 | F16: =SUMIFS('NCFS 725 CSV Raw Data'!$Q:$Q, 'NCFS 725 CSV Raw Data'!$W:$W,"E", 'NCFS 725 CSV Raw Data'!$J:$J,$C16) -> 0 | G16: =SUMIFS('NCFS 725 CSV Raw Data'!$R:$R, 'NCFS 725 CSV Raw Data'!$W:$W,"E", 'NCFS 725 CSV Raw Data'!$J:$J,$C16) -> 0 | H16: =SUMIFS('NCFS 725 CSV Raw Data'!$S:$S, 'NCFS 725 CSV Raw Data'!$W:$W,"E", 'NCFS 725 CSV Raw Data'!$J:$J,$C16) -> 0 | I16: =SUMIFS('NCFS 725 CSV Raw Data'!$T:$T, 'NCFS 725 CSV Raw Data'!$W:$W,"E", 'NCFS 725 CSV Raw Data'!$J:$J,$C16) -> 0 | J16: =SUMIFS('NCFS 725 CSV Raw Data'!$U:$U, 'NCFS 725 CSV Raw Data'!$W:$W,"E", 'NCFS 725 CSV Raw Data'!$J:$J,$C16) -> 0 | K16: =SUMIFS('NCFS 725 CSV Raw Data'!$V:$V, 'NCFS 725 CSV Raw Data'!$W:$W,"E", 'NCFS 725 CSV Raw Data'!$J:$J,$C16) -> 0 | L16: =E16-J16 -> 0 | Q16: =IF(OR(M16="Yes",O16="Yes"),L16,0) -> 0
A17: =IFERROR(INDEX('NCFS 725 CSV Raw Data'!$G:$G, MATCH(C17, 'NCFS 725 CSV Raw Data'!$J:$J, 0)), "") | E17: =SUMIFS('NCFS 725 CSV Raw Data'!$P:$P, 'NCFS 725 CSV Raw Data'!$W:$W,"E", 'NCFS 725 CSV Raw Data'!$J:$J,$C17) -> 0 | F17: =SUMIFS('NCFS 725 CSV Raw Data'!$Q:$Q, 'NCFS 725 CSV Raw Data'!$W:$W,"E", 'NCFS 725 CSV Raw Data'!$J:$J,$C17) -> 0 | G17: =SUMIFS('NCFS 725 CSV Raw Data'!$R:$R, 'NCFS 725 CSV Raw Data'!$W:$W,"E", 'NCFS 725 CSV Raw Data'!$J:$J,$C17) -> 0 | H17: =SUMIFS('NCFS 725 CSV Raw Data'!$S:$S, 'NCFS 725 CSV Raw Data'!$W:$W,"E", 'NCFS 725 CSV Raw Data'!$J:$J,$C17) -> 0 | I17: =SUMIFS('NCFS 725 CSV Raw Data'!$T:$T, 'NCFS 725 CSV Raw Data'!$W:$W,"E", 'NCFS 725 CSV Raw Data'!$J:$J,$C17) -> 0 | J17: =SUMIFS('NCFS 725 CSV Raw Data'!$U:$U, 'NCFS 725 CSV Raw Data'!$W:$W,"E", 'NCFS 725 CSV Raw Data'!$J:$J,$C17) -> 0 | K17: =SUMIFS('NCFS 725 CSV Raw Data'!$V:$V, 'NCFS 725 CSV Raw Data'!$W:$W,"E", 'NCFS 725 CSV Raw Data'!$J:$J,$C17) -> 0 | L17: =E17-J17 -> 0 | Q17: =IF(OR(M17="Yes",O17="Yes"),L17,0) -> 0
A18: =IFERROR(INDEX('NCFS 725 CSV Raw Data'!$G:$G, MATCH(C18, 'NCFS 725 CSV Raw Data'!$J:$J, 0)), "") | E18: =SUMIFS('NCFS 725 CSV Raw Data'!$P:$P, 'NCFS 725 CSV Raw Data'!$W:$W,"E", 'NCFS 725 CSV Raw Data'!$J:$J,$C18) -> 0 | F18: =SUMIFS('NCFS 725 CSV Raw Data'!$Q:$Q, 'NCFS 725 CSV Raw Data'!$W:$W,"E", 'NCFS 725 CSV Raw Data'!$J:$J,$C18) -> 0 | G18: =SUMIFS('NCFS 725 CSV Raw Data'!$R:$R, 'NCFS 725 CSV Raw Data'!$W:$W,"E", 'NCFS 725 CSV Raw Data'!$J:$J,$C18) -> 0 | H18: =SUMIFS('NCFS 725 CSV Raw Data'!$S:$S, 'NCFS 725 CSV Raw Data'!$W:$W,"E", 'NCFS 725 CSV Raw Data'!$J:$J,$C18) -> 0 | I18: =SUMIFS('NCFS 725 CSV Raw Data'!$T:$T, 'NCFS 725 CSV Raw Data'!$W:$W,"E", 'NCFS 725 CSV Raw Data'!$J:$J,$C18) -> 0 | J18: =SUMIFS('NCFS 725 CSV Raw Data'!$U:$U, 'NCFS 725 CSV Raw Data'!$W:$W,"E", 'NCFS 725 CSV Raw Data'!$J:$J,$C18) -> 0 | K18: =SUMIFS('NCFS 725 CSV Raw Data'!$V:$V, 'NCFS 725 CSV Raw Data'!$W:$W,"E", 'NCFS 725 CSV Raw Data'!$J:$J,$C18) -> 0 | L18: =E18-J18 -> 0 | Q18: =IF(OR(M18="Yes",O18="Yes"),L18,0) -> 0
A19: =IFERROR(INDEX('NCFS 725 CSV Raw Data'!$G:$G, MATCH(C19, 'NCFS 725 CSV Raw Data'!$J:$J, 0)), "") | E19: =SUMIFS('NCFS 725 CSV Raw Data'!$P:$P, 'NCFS 725 CSV Raw Data'!$W:$W,"E", 'NCFS 725 CSV Raw Data'!$J:$J,$C19) -> 0 | F19: =SUMIFS('NCFS 725 CSV Raw Data'!$Q:$Q, 'NCFS 725 CSV Raw Data'!$W:$W,"E", 'NCFS 725 CSV Raw Data'!$J:$J,$C19) -> 0 | G19: =SUMIFS('NCFS 725 CSV Raw Data'!$R:$R, 'NCFS 725 CSV Raw Data'!$W:$W,"E", 'NCFS 725 CSV Raw Data'!$J:$J,$C19) -> 0 | H19: =SUMIFS('NCFS 725 CSV Raw Data'!$S:$S, 'NCFS 725 CSV Raw Data'!$W:$W,"E", 'NCFS 725 CSV Raw Data'!$J:$J,$C19) -> 0 | I19: =SUMIFS('NCFS 725 CSV Raw Data'!$T:$T, 'NCFS 725 CSV Raw Data'!$W:$W,"E", 'NCFS 725 CSV Raw Data'!$J:$J,$C19) -> 0 | J19: =SUMIFS('NCFS 725 CSV Raw Data'!$U:$U, 'NCFS 725 CSV Raw Data'!$W:$W,"E", 'NCFS 725 CSV Raw Data'!$J:$J,$C19) -> 0 | K19: =SUMIFS('NCFS 725 CSV Raw Data'!$V:$V, 'NCFS 725 CSV Raw Data'!$W:$W,"E", 'NCFS 725 CSV Raw Data'!$J:$J,$C19) -> 0 | L19: =E19-J19 -> 0 | Q19: =IF(OR(M19="Yes",O19="Yes"),L19,0) -> 0
A20: =IFERROR(INDEX('NCFS 725 CSV Raw Data'!$G:$G, MATCH(C20, 'NCFS 725 CSV Raw Data'!$J:$J, 0)), "") | E20: =SUMIFS('NCFS 725 CSV Raw Data'!$P:$P, 'NCFS 725 CSV Raw Data'!$W:$W,"E", 'NCFS 725 CSV Raw Data'!$J:$J,$C20) -> 0 | F20: =SUMIFS('NCFS 725 CSV Raw Data'!$Q:$Q, 'NCFS 725 CSV Raw Data'!$W:$W,"E", 'NCFS 725 CSV Raw Data'!$J:$J,$C20) -> 0 | G20: =SUMIFS('NCFS 725 CSV Raw Data'!$R:$R, 'NCFS 725 CSV Raw Data'!$W:$W,"E", 'NCFS 725 CSV Raw Data'!$J:$J,$C20) -> 0 | H20: =SUMIFS('NCFS 725 CSV Raw Data'!$S:$S, 'NCFS 725 CSV Raw Data'!$W:$W,"E", 'NCFS 725 CSV Raw Data'!$J:$J,$C20) -> 0 | I20: =SUMIFS('NCFS 725 CSV Raw Data'!$T:$T, 'NCFS 725 CSV Raw Data'!$W:$W,"E", 'NCFS 725 CSV Raw Data'!$J:$J,$C20) -> 0 | J20: =SUMIFS('NCFS 725 CSV Raw Data'!$U:$U, 'NCFS 725 CSV Raw Data'!$W:$W,"E", 'NCFS 725 CSV Raw Data'!$J:$J,$C20) -> 0 | K20: =SUMIFS('NCFS 725 CSV Raw Data'!$V:$V, 'NCFS 725 CSV Raw Data'!$W:$W,"E", 'NCFS 725 CSV Raw Data'!$J:$J,$C20) -> 0 | L20: =E20-J20 -> 0 | Q20: =IF(OR(M20="Yes",O20="Yes"),L20,0) -> 0
A21: =IFERROR(INDEX('NCFS 725 CSV Raw Data'!$G:$G, MATCH(C21, 'NCFS 725 CSV Raw Data'!$J:$J, 0)), "") | E21: =SUMIFS('NCFS 725 CSV Raw Data'!$P:$P, 'NCFS 725 CSV Raw Data'!$W:$W,"E", 'NCFS 725 CSV Raw Data'!$J:$J,$C21) -> 0 | F21: =SUMIFS('NCFS 725 CSV Raw Data'!$Q:$Q, 'NCFS 725 CSV Raw Data'!$W:$W,"E", 'NCFS 725 CSV Raw Data'!$J:$J,$C21) -> 0 | G21: =SUMIFS('NCFS 725 CSV Raw Data'!$R:$R, 'NCFS 725 CSV Raw Data'!$W:$W,"E", 'NCFS 725 CSV Raw Data'!$J:$J,$C21) -> 0 | H21: =SUMIFS('NCFS 725 CSV Raw Data'!$S:$S, 'NCFS 725 CSV Raw Data'!$W:$W,"E", 'NCFS 725 CSV Raw Data'!$J:$J,$C21) -> 0 | I21: =SUMIFS('NCFS 725 CSV Raw Data'!$T:$T, 'NCFS 725 CSV Raw Data'!$W:$W,"E", 'NCFS 725 CSV Raw Data'!$J:$J,$C21) -> 0 | J21: =SUMIFS('NCFS 725 CSV Raw Data'!$U:$U, 'NCFS 725 CSV Raw Data'!$W:$W,"E", 'NCFS 725 CSV Raw Data'!$J:$J,$C21) -> 0 | K21: =SUMIFS('NCFS 725 CSV Raw Data'!$V:$V, 'NCFS 725 CSV Raw Data'!$W:$W,"E", 'NCFS 725 CSV Raw Data'!$J:$J,$C21) -> 0 | L21: =E21-J21 -> 0 | Q21: =IF(OR(M21="Yes",O21="Yes"),L21,0) -> 0
A22: =IFERROR(INDEX('NCFS 725 CSV Raw Data'!$G:$G, MATCH(C22, 'NCFS 725 CSV Raw Data'!$J:$J, 0)), "") | E22: =SUMIFS('NCFS 725 CSV Raw Data'!$P:$P, 'NCFS 725 CSV Raw Data'!$W:$W,"E", 'NCFS 725 CSV Raw Data'!$J:$J,$C22) -> 0 | F22: =SUMIFS('NCFS 725 CSV Raw Data'!$Q:$Q, 'NCFS 725 CSV Raw Data'!$W:$W,"E", 'NCFS 725 CSV Raw Data'!$J:$J,$C22) -> 0 | G22: =SUMIFS('NCFS 725 CSV Raw Data'!$R:$R, 'NCFS 725 CSV Raw Data'!$W:$W,"E", 'NCFS 725 CSV Raw Data'!$J:$J,$C22) -> 0 | H22: =SUMIFS('NCFS 725 CSV Raw Data'!$S:$S, 'NCFS 725 CSV Raw Data'!$W:$W,"E", 'NCFS 725 CSV Raw Data'!$J:$J,$C22) -> 0 | I22: =SUMIFS('NCFS 725 CSV Raw Data'!$T:$T, 'NCFS 725 CSV Raw Data'!$W:$W,"E", 'NCFS 725 CSV Raw Data'!$J:$J,$C22) -> 0 | J22: =SUMIFS('NCFS 725 CSV Raw Data'!$U:$U, 'NCFS 725 CSV Raw Data'!$W:$W,"E", 'NCFS 725 CSV Raw Data'!$J:$J,$C22) -> 0 | K22: =SUMIFS('NCFS 725 CSV Raw Data'!$V:$V, 'NCFS 725 CSV Raw Data'!$W:$W,"E", 'NCFS 725 CSV Raw Data'!$J:$J,$C22) -> 0 | L22: =E22-J22 -> 0 | Q22: =IF(OR(M22="Yes",O22="Yes"),L22,0) -> 0
... A1001: =IFERROR(INDEX('NCFS 725 CSV Raw Data'!$G:$G, MATCH(C1001, 'NCFS 725 CSV Raw Data'!$J:$J, 0)), "") | E1001: =SUMIFS('NCFS 725 CSV Raw Data'!$P:$P, 'NCFS 725 CSV Raw Data'!$W:$W,"E", 'NCFS 725 CSV Raw Data'!$J:$J,$C1001) -> 0 | F1001: =SUMIFS('NCFS 725 CSV Raw Data'!$Q:$Q, 'NCFS 725 CSV Raw Data'!$W:$W,"E", 'NCFS 725 CSV Raw Data'!$J:$J,$C1001) -> 0 | G1001: =SUMIFS('NCFS 725 CSV Raw Data'!$R:$R, 'NCFS 725 CSV Raw Data'!$W:$W,"E", 'NCFS 725 CSV Raw Data'!$J:$J,$C1001) -> 0 | H1001: =SUMIFS('NCFS 725 CSV Raw Data'!$S:$S, 'NCFS 725 CSV Raw Data'!$W:$W,"E", 'NCFS 725 CSV Raw Data'!$J:$J,$C1001) -> 0 | I1001: =SUMIFS('NCFS 725 CSV Raw Data'!$T:$T, 'NCFS 725 CSV Raw Data'!$W:$W,"E", 'NCFS 725 CSV Raw Data'!$J:$J,$C1001) -> 0 | J1001: =SUMIFS('NCFS 725 CSV Raw Data'!$U:$U, 'NCFS 725 CSV Raw Data'!$W:$W,"E", 'NCFS 725 CSV Raw Data'!$J:$J,$C1001) -> 0 | K1001: =SUMIFS('NCFS 725 CSV Raw Data'!$V:$V, 'NCFS 725 CSV Raw Data'!$W:$W,"E", 'NCFS 725 CSV Raw Data'!$J:$J,$C1001) -> 0 | L1001: =E1001-J1001 -> 0 | Q1001: =IF(OR(M1001="Yes",O1001="Yes"),L1001,0) -> 0

Sheet NCFS 725 CSV Raw Data

Sheet Lookup List
B2: SL 2026-41 42.10(a)(1) Non-GF or Non-SCIF funds | D2: Yes | F2: SL 2026-41 42.10(b) Unspent Access NC funds
B3: SL 2026-41 42.10(a)(2) Encumbrance | D3: No | F3: (lookup item above not yet used in template)
B4: Combination of SL 2026-41 42.10(a)(1) and (2)
B5: N/A
